 Dungeon Crawl Stone Soup version 0.25.0 (webtiles) character file.

Game seed: 985113050993492705

566 MuckingAbout the Poker (level 7, 0/62 HPs)
             Began as a Minotaur Berserker on June 12, 2020.
             Was a Priest of Trog.
             Slain by a centaur zombie (4 damage)
             ... on level 4 of the Dungeon.
             The game lasted 00:32:12 (2577 turns).

MuckingAbout the Poker (Minotaur Berserker)         Turns: 2577, Time: 00:32:15

Health: 0/62       AC:  4    Str: 23    XL:     7   Next: 10%
Magic:  15/15      EV: 13    Int:  4    God:    Trog [***...]
Gold:   186        SH:  4    Dex: 12    Spells: 6/6 levels left

rFire    + . .     SeeInvis .   g - +0 trident
rCold    . . .     Gourm    .   (no shield)
rNeg     . . .     Faith    .   h - +1 leather armour
rPois    .         Spirit   .   (helmet restricted)
rElec    .         Reflect  .   (no cloak)
rCorr    .         Harm     .   (no gloves)
MR       .....                  (no boots)
Stlth    +.........             (no amulet)
HPRegen  0.20/turn              i - ring of protection from fire
MPRegen  0.14/turn              m - ring of magical power

@: no status effects
A: retaliatory headbutt, fangs 1, horns 2, large bone plates 1, deterioration 1,
strong 1
a: Berserk, Trog's Hand, Renounce Religion


You were on level 4 of the Dungeon.
You worshipped Trog.
Trog was most pleased with you.
You were full.

You visited 1 branch of the dungeon, and saw 4 of its levels.

You collected 186 gold pieces.

Inventory:

Hand Weapons
 a - a +0 spear
 g - a +0 trident (weapon)
Armour
 b - a +0 animal skin
 h - a +1 leather armour (worn)
Jewellery
 i - a ring of protection from fire (left hand)
 m - a ring of magical power (right hand)
Wands
 k - a wand of random effects (17)
 o - a wand of iceblast (2)
Scrolls
 d - 2 scrolls of blinking
 f - 2 scrolls of identify
 n - 2 scrolls of remove curse
Potions
 j - a potion of haste
Comestibles
 c - 7 rations


   Skills:
 + Level 5.7 Fighting
 + Level 7.1 Polearms
 + Level 3.7 Armour
 + Level 3.6 Dodging
 + Level 1.4 Stealth
 + Level 0.1 Evocations


You had 6 spell levels left.
You didn't know any spells.
Your spell library was empty.

Dungeon Overview and Level Annotations

Branches:
Dungeon (4/15)
 Temple: D:4-7

Altars:
Hepliaklqana
Kikubaaqudgha
Nemelex Xobeh
Qazlal
The Shining One


Innate Abilities, Weirdness & Mutations

You reflexively headbutt those who attack you in melee.
You have a pair of horns on your head.
You have very sharp teeth.
You are partially covered in large bone plates. (SH +4)
Your body sometimes deteriorates upon taking damage.
Your muscles are strong. (Str +2)


Message History

Found a stone staircase leading down.
There is a stone staircase leading down here.
A quokka skeleton comes into view.
A centaur zombie comes into view.
The quokka skeleton bites you but does no damage.
You barely miss the quokka skeleton. You puncture the quokka skeleton!
You destroy the quokka skeleton!
Trog accepts your kill.
You hit the centaur zombie.
The centaur zombie is lightly damaged.
The centaur zombie completely misses you.
You furiously retaliate!
You headbutt the centaur zombie! You hit the centaur zombie.
You headbutt the centaur zombie. You bite the centaur zombie.
The centaur zombie is severely damaged.
The centaur zombie hits you.
* * * LOW HITPOINT WARNING * * *
The centaur zombie hits you.
You die...

##### #...
########.# #####
#.@......######....
#Z######>..........
#. ########.... #.
#####.....# #.
#.....###.# #.
#.####.<<.. #. ###
####.. #. #.. #..


You could see a centaur zombie.

Vanquished Creatures
  A phantom (D:4)
  Blork the orc (D:4)
  A scorpion (D:4)
  A hound (D:4)
  An orc wizard (D:3)
  Natasha (twice) (D:2)
  An iguana (D:4)
  3 worker ants (D:4)
  5 adders
  A gnoll (D:1)
  2 adder skeletons
  2 worms (D:2)
  3 dart slugs
  A leopard gecko (D:1)
  9 orcs
  8 bats
  4 giant cockroaches
  11 goblins
  13 hobgoblins
  2 ball pythons
  A ball python skeleton (D:4)
  2 frilled lizards (D:2)
  11 kobolds
  A quokka skeleton (D:4)
  13 rats
100 creatures vanquished.

Notes
Turn   | Place    | Note
-------+----------+-------------------------------------------
     0 | D:1      | MuckingAbout the Minotaur Berserker began the quest for the
                  | Orb.
     0 | D:1      | Reached XP level 1. HP: 19/19 MP: 0/0
   105 | D:1      | Reached skill level 4 in Polearms
   123 | D:1      | Reached XP level 2. HP: 18/27 MP: 1/1
   269 | D:1      | Gained mutation: You have very sharp teeth. [potion of
                  | mutation]
   269 | D:1      | Gained mutation: Your muscles are strong. (Str +2) [potion
                  | of mutation]
   269 | D:1      | Gained mutation: Your body sometimes deteriorates upon
                  | taking damage. [potion of mutation]
   269 | D:1      | Gained mutation: You are partially covered in large bone
                  | plates. (SH +4) [potion of mutation]
   494 | D:1      | Reached XP level 3. HP: 31/33 MP: 2/2
   527 | D:1      | Reached ** piety under Trog
   830 | D:2      | Noticed Natasha
   833 | D:2      | Killed Natasha
   833 | D:2      | Reached skill level 5 in Polearms
   833 | D:2      | Reached XP level 4. HP: 33/41 MP: 3/3
   949 | D:2      | Found a stormy altar of Qazlal.
  1232 | D:2      | Noticed Natasha
  1261 | D:2      | Killed Natasha
  1261 | D:2      | Reached skill level 5 in Fighting
  1261 | D:2      | Reached XP level 5. HP: 38/48 MP: 4/4
  1474 | D:3      | Found a hazy altar of Hepliaklqana.
  1474 | D:3      | Found a glowing golden altar of the Shining One.
  1475 | D:3      | Found a sparkling altar of Nemelex Xobeh.
  1684 | D:3      | Reached *** piety under Trog
  2301 | D:4      | Reached skill level 6 in Polearms
  2307 | D:4      | Reached XP level 6. HP: 42/56 MP: 5/5
  2329 | D:4      | Reached skill level 1 in Stealth
  2469 | D:4      | Found an ancient bone altar of Kikubaaqudgha.
  2487 | D:4      | Noticed Blork the orc
  2503 | D:4      | Killed Blork the orc
  2520 | D:4      | Reached skill level 7 in Polearms
  2520 | D:4      | Reached XP level 7. HP: 4/62 MP: 6/6
  2524 | D:4      | HP: 3/62 [poisoned by a scorpion]
  2529 | D:4      | HP: 2/62 [poisoned by a scorpion]
  2537 | D:4      | HP: 2/62 [poisoned by a scorpion]
  2577 | D:4      | Slain by a centaur zombie

Illustrated notes

Levels and vault maps discovered:
D:1:      dpeg_arrival_chambers_temple_mockup, layout_loops_ring
D:2:      layout_basic, grunt_qazlal_sundering, uniq_natasha
D:3:      layout_basic, gammafunk_temple_overflow_claw, first_ration
D:4:      layout_basic, old_standard_altar, lightli_sewer_entry_pipes,
          uniq_blork_the_orc

Skill      XL: |  1  2  3  4  5  6 |
---------------+-------------------+-----
Polearms       | 4 5 6 7 |  7.1
Fighting       | 4 5 |  5.7
Armour         | 3 |  3.7
Dodging        | 3 |  3.6
Stealth        | 1 |  1.4
Evocations     | |  0.1

Action                   |  1- 3 |  4- 6 |  7- 9 || total
-------------------------+-------+-------+-------++-------
Melee: Spear             |    85 |    85 |       ||   170
       Headbutt          |    10 |    29 |     2 ||    41
       Bite              |     3 |    19 |     2 ||    24
       Trident           |       |    96 |     8 ||   104
Evoke: Wand              |       |     2 |       ||     2
  Use: Potion            |     2 |     3 |       ||     5
       Scroll            |     5 |     1 |     2 ||     8
 Stab: Sleeping          |     1 |     1 |       ||     2
       Distracted        |       |     2 |       ||     2
  Eat: Ration            |       |     2 |     1 ||     3
Armor: Animal skin       |    10 |       |       ||    10
       Leather armour    |     1 |    19 |     2 ||    22
Dodge: Dodged            |    40 |    86 |     3 ||   129
Block: Other             |    13 |    18 |       ||    31
